 Dungeon Crawl Stone Soup version 0.30-a0-553-g7fabdf1491 (webtiles) character file.

Game seed: 10056492981598887857

776 Shayle the Conjurer (level 7, 0/64 HPs)
             Began as a Tengu Reaver on Dec 26, 2022.
             Was an Initiate of Kikubaaqudgha.
             Slain by a killer bee (2 damage)
             ... on level 5 of the Dungeon on Dec 27, 2022.
             The game lasted 00:12:18 (3489 turns).

Shayle the Conjurer (Tengu Reaver)                  Turns: 3489, Time: 00:12:18

Health: 0/64       AC: 23    Str: 13    XL:     7   Next: 84%
Magic:  12/12      EV:  2    Int: 15    God:    Kikubaaqudgha [......]
Gold:   112        SH:  0    Dex: 12    Spells: 3/12 levels left

rFire   . . .      SeeInvis .    g - +0 scythe (vorpal)
rCold   . . .      Faith    .    (shield currently unavailable)
rNeg    . . .      Spirit   .    (body armour currently unavailable)
rPois   +          Reflect  .    (helmet currently unavailable)
rElec   .          Harm     .    (cloak currently unavailable)
rCorr   .          Rampage  .    (gloves currently unavailable)
Will    .....      NoTele   +    (boots unavailable)
Stlth   +                        (no amulet)
HPRegen 0.30/turn                (no ring)
MPRegen 0.13/turn                (no ring)

@: mighty, lethally poisoned (0 -> -7), tree-form, invisible
A: stationary, stasis, torment immunity, boosted hp, (beak), (talons 3), nimble
flight
a: Renounce Religion


You were on level 5 of the Dungeon.
You worshipped Kikubaaqudgha.
Kikubaaqudgha was noncommittal.
You were a tree.
You visited 2 branches of the dungeon, and saw 6 of its levels.

You collected 112 gold pieces.

Inventory:

Hand Weapons
 a - a +0 spear
 g - a +0 vorpal scythe (weapon)
Missiles
 k - a throwing net
Armour
 b - a +0 leather armour (melded)
 i - a +0 pair of gloves (melded)
 l - a +1 robe of fire resistance
Wands
 r - a wand of polymorph (7)
Scrolls
 d - a scroll of amnesia {unknown}
 h - 2 scrolls of enchant weapon {unknown}
 o - a scroll of poison {unknown}
 p - a scroll of blinking {unknown}
 q - a scroll of fog {unknown}
 t - a scroll of teleportation {unknown}
Potions
 c - 2 potions of resistance
 n - a potion of attraction {unknown}
 s - a potion of heal wounds {unknown}
 u - a potion of curing {unknown}


   Skills:
 + Level 4.1 Fighting
 - Level 3.2 Polearms
 + Level 4.4 Dodging
 + Level 3.3 Spellcasting
 + Level 6.2 Conjurations
 + Level 3.7 Necromancy
 + Level 2.2 Ice Magic


You had 3 spell levels left.
You knew the following spells:

 Your Spells              Type           Power      Damage    Failure   Level
a - Kiss of Death         Conj/Necr      68%        2d10      2%          1
b - Momentum Strike       Conj/Tloc      22%        3d8       9%          2
c - Hailstorm             Conj/Ice       15%        3d5       10%         3
d - Vampiric Draining     Necr           13%        2d6       12%         3

Your spell library contained the following spells:

 Spells                   Type           Power      Damage    Failure   Level
 Stone Arrow              Conj/Erth      22%        3d8       16%         3
 Sandblast                Erth           4%         2d4       21%         1
 Slow                     Hex            8%         N/A       21%         1
 Passwall                 Tmut/Erth      1%         N/A       30%         2
 Confusing Touch          Hex            2%         N/A       52%         3


Dungeon Overview and Level Annotations

Branches:
Dungeon (5/15)             Temple (1/1) D:4

Altars:
Ashenzari
Cheibriados
Dithmenos
Elyvilon
Gozag
Kikubaaqudgha
Makhleb
Nemelex Xobeh
Okawaru
Qazlal
Ru
Sif Muna
Uskayaw
Vehumet
Xom
Yredelemnul
The Shining One

Annotations:
D:3 4 runed translucent doors, Crazy Yiuf; Pokonic1's ghost, amateur DsFi


Innate Abilities, Weirdness & Mutations

You are a tree.
Your roots penetrate the ground, keeping you stationary.
You cannot be teleported.
You are immune to unholy pain and torment.
Your maximum health is greatly increased.
Your equipment is partially melded.
((You have a beak for a mouth.))
((You have claws for feet.))
Your magical nature lets you fly swiftly and evasively.


Message History

The killer bee closely misses you. The killer bee stings you.
You are poisoned.
The killer bee poisons you!
You barely miss the killer bee. Your kick misses the killer bee.
The killer bee is moderately wounded.
You feel sick. The killer bee misses you. The killer bee stings you.
You are more poisoned.
The killer bee poisons you! The killer bee completely misses you.
You closely miss the killer bee. Your kick misses the killer bee.
The killer bee is moderately wounded.
You feel very sick. The killer bee misses you.
The killer bee closely misses you. The killer bee barely misses you.
It was a potion of might.
You feel very mighty all of a sudden.
You feel sick. The killer bee stings you.
* * * LOW HITPOINT WARNING * * *
You are lethally poisoned!
The killer bee poisons you! The killer bee completely misses you.
Really quaff the potion of lignification?
You turn into a tree.
Your +0 pair of gloves melds into your body.
Your +0 leather armour melds into your body.
Your roots penetrate the ground.
* * * LOW HITPOINT WARNING * * *
You feel very sick.
The killer bee stings you but does no damage. x2
It was a potion of flight.
Your roots keep you in place.
* * * LOW HITPOINT WARNING * * *
You feel very sick. The killer bee barely misses you.
The killer bee stings you but does no damage.
It was a potion of invisibility.
You fade into invisibility!
* * * LOW HITPOINT WARNING * * *
You feel sick. The killer bee stings you.
* * * LOW HITPOINT WARNING * * *
The killer bee stings you.
You die...
Kikubaaqudgha rasps: "You have failed me!
Welcome... death!"

#### .....
#....########.#
#......yy♣...#
#.#.##.#######
#.y.<....#
#....###.#.#
.......#...#.#
.......#.###.#
.......#.....#
####...#######
#...


You could see 2 killer bees.

Vanquished Creatures
  Sigmund (D:3)
  A black bear (D:4)
  An ogre (D:4)
  A scorpion (D:4)
  A killer bee (D:5)
  A hound (D:4)
  2 jellies (D:4)
  Jessica (D:3)
  An orc wizard (D:4)
  2 iguanas
  3 gnolls
  4 adders
  3 dart slugs
  4 orcs
  9 bats
  8 endoplasms
  4 giant cockroaches
  2 goblins
  8 hobgoblins
  3 jackals (D:4)
  6 kobolds
  4 quokkas
  4 ball pythons (D:1)
  4 frilled lizards
  8 rats
86 creatures vanquished.

Notes
Turn   | Place    | Note
-------+----------+-------------------------------------------
     0 | D:1      | Shayle the Tengu Reaver began the quest for the Orb.
     0 | D:1      | Reached XP level 1. HP: 12/12 MP: 4/4
   149 | D:1      | Reached XP level 2. HP: 17/17 MP: 6/6
   305 | D:1      | Reached skill level 1 in Necromancy
   425 | D:1      | Reached XP level 3. HP: 22/22 MP: 7/7
   884 | D:2      | Reached XP level 4. HP: 16/27 MP: 8/8
  1492 | D:3      | Found a burning altar of Makhleb.
  1492 | D:3      | Found a sacrificial altar of Ru.
  1493 | D:3      | Found an iron altar of Okawaru.
  1504 | D:3      | Learned a level 2 spell: Momentum Strike
  1508 | D:3      | Learned a level 3 spell: Hailstorm
  1627 | D:3      | Noticed Sigmund
  1641 | D:3      | Killed Sigmund
  1642 | D:3      | Reached skill level 5 in Conjurations
  1642 | D:3      | Reached skill level 1 in Ice Magic
  1642 | D:3      | Gained mutation: Your magical nature lets you fly swiftly
                  | and evasively. [Tengu growth]
  1642 | D:3      | Reached XP level 5. HP: 26/32 MP: 6/9
  1642 | D:3      | Reached XP level 6. HP: 30/37 MP: 6/10
  1897 | D:3      | Learned a level 3 spell: Vampiric Draining
  1990 | D:3      | Noticed Jessica
  2000 | D:3      | Killed Jessica
  2152 | D:3      | Noticed Pokonic1's ghost (amateur DsFi)
  2177 | D:3      | Found a runed translucent gate.
  2177 | D:3      | Found a runed translucent gate.
  2177 | D:3      | Found a runed translucent gate.
  2268 | D:3      | Found a runed translucent door.
  2269 | D:3      | Noticed Crazy Yiuf
  2595 | D:4      | Found a broken altar of Ashenzari.
  2676 | D:4      | Found a staircase to the Ecumenical Temple.
  2683 | D:4      | Reached XP level 7. HP: 38/41 MP: 12/12
  2721 | Temple   | Entered the Ecumenical Temple
  2833 | Temple   | Became a worshipper of Kikubaaqudgha
  3010 | D:4      | Reached skill level 6 in Conjurations
  3453 | D:5      | Entered Level 5 of the Dungeon
  3489 | D:5      | HP: 2/64 [killer bee (2)]
  3489 | D:5      | Slain by a killer bee

Illustrated notes

Levels and vault maps discovered:
D:1:      reono_arrival_forest_river, layout_loops_cross
D:2:      layout_rooms, serial_corexii_hall, corexii_hall_statues_t,
          corexii_hall_statues_i, corexii_hall_statues_s,
          corexii_hall_statues_s, corexii_hall_statues_deadend,
          corexii_hall_statues_i, kennysheep_generic_room_11
D:3:      minmay_recursive_quarters, layout_basic,
          gammafunk_temple_overflow_forgotten, gammafunk_ghost_icy,
          serial_forest, infiniplex_forest_fountain, infiniplex_forest_lined_2,
          infiniplex_forest_split, infiniplex_forest_clump_small,
          infiniplex_forest_clump_medium, uniq_jessica, uniq_crazy_yiuf_cottage,
          uniq_sigmund
D:4:      layout_basic, nicolae_ashenzari_panopticon,
          minmay_temple_entry_statues_pillars
D:5:      layout_basic, minmay_misc_feat_tiny
Temple:   bh_familiar_temple

Skill      XL: |  1  2  3  4  5  6  7 |
---------------+----------------------+-----
Necromancy     | 1 2 3 |  3.7
Dodging        | 3 4 |  4.4
Fighting       | 3 4 |  4.1
Conjurations   | 5 6 |  6.2
Ice Magic      | 1 2 |  2.2
Spellcasting   | 3 |  3.3
Polearms       | |  3.2

Action                   |  1- 3 |  4- 6 |  7- 9 || total
-------------------------+-------+-------+-------++-------
Melee: Spear             |    83 |    59 |       ||   142
       Kick              |    13 |    29 |    13 ||    55
       Peck              |    10 |    10 |    10 ||    30
       Halberd           |       |    62 |    66 ||   128
 Cast: Kiss of Death     |       |     1 |       ||     1
       Momentum Strike   |       |     1 |       ||     1
  Use: Scroll            |       |     3 |       ||     3
       Potion            |       |       |     4 ||     4
 Stab: Sleeping          |     3 |       |       ||     3
Armor: Leather armour    |    24 |    24 |    17 ||    65
       Skin              |       |       |     3 ||     3
Dodge: Dodged            |    47 |    88 |    69 ||   204

Table legend: (Time is in decaauts)
 A = Elapsed time spent in this place.
 B = Non-inter-level travel time spent in this place.
 C = Inter-level travel time spent in this place.
 D = Time resting spent in this place.
 E = Time spent auto-exploring this place.
 F = Levels seen in this place.
 G = Mean time per level.
                   A        B        C        D        E       F      G
               +--------+--------+--------+--------+--------+-----+--------+
         Total |   3408 |   3278 |    130 |    532 |   1779 |   6 |  568.0 |
       Dungeon |   3279 |   3175 |    104 |    532 |   1686 |   5 |  655.8 |
        Temple |    129 |    103 |     26 |      0 |     93 |   1 |  129.0 |
               +--------+--------+--------+--------+--------+-----+--------+

Top non-repeatable levels by time:
     D:3: 1156 daAuts
     D:4: 818 daAuts
     D:1: 769 daAuts
     D:2: 497 daAuts
  Temple: 129 daAuts
     D:5: 37 daAuts
